 Dungeon Crawl Stone Soup version 0.30-a0-591-g3c58d2bc28 (webtiles) character file.

Game seed: 4656042615481026246

12 kae the Insei (level 2, -8/21 HPs)
             Began as a Demonspawn Transmuter on Jan 5, 2023.
             Mangled by a kobold
             ... wielding a +2 short sword of electrocution
              (20 damage)
             ... on level 1 of the Dungeon.
             The game lasted 00:00:44 (414 turns).

kae the Insei (Demonspawn Transmuter)                Turns: 414, Time: 00:00:45

Health: -8/21      AC:  2    Str: 10    XL:     2   Next: 20%
Magic:  4/5        EV: 12    Int: 14    God:
Gold:   0          SH:  0    Dex: 13    Spells: 4/5 levels left

rFire   . . .      SeeInvis .      - Unarmed
rCold   . . .      Faith    .    (no shield)
rNeg    . . .      Spirit   .    a - +0 robe
rPois   .          Reflect  .    (helmet currently unavailable)
rElec   .          Harm     .    (no cloak)
rCorr   .          Rampage  .    (no gloves)
Will    .....                    (boots currently unavailable)
Stlth   +                        (no amulet)
HPRegen 0.23/turn                (no ring)
MPRegen 0.09/turn                (no ring)

@: appendages
A: horns 2, talons 2, weakness stinger 1
a: End Transformation


You were on level 1 of the Dungeon.
You had temporarily grown beastly horns and talons.
You visited 1 branch of the dungeon, and saw 1 of its levels.


Innate Abilities, Weirdness & Mutations

You have temporarily grown beastly horns and talons.
You have a small tail.


   Skills:
 - Level 1.0 Fighting
 - Level 1.7 Dodging
 + Level 2.8 Unarmed Combat
 + Level 2.2 Spellcasting
 * Level 2.2 Transmutations


You had 4 spell levels left.
You knew the following spells:

 Your Spells              Type           Power      Damage    Failure   Level
a - Beastly Appendage     Tmut           14%        N/A       10%         1

Your spell library contained the following spells:

 Spells                   Type           Power      Damage    Failure   Level
 Wereblood                Tmut           7%         N/A       14%         2
 Sublimation of Blood     Necr           1%         N/A       34%         2
 Spider Form              Tmut/Pois      4%         N/A       41%         3
 Ice Form                 Ice/Tmut       4%         N/A       82%         4
 Summon Hydra             Summ           0%         N/A       100%        7

Inventory:

Armour
 a - a +0 robe (worn)
Scrolls
 e - a scroll of immolation {unknown}
 f - 3 scrolls of identify {unknown}
 g - a scroll of enchant armour {unknown}
Potions
 b - a potion of lignification {!q}
 c - 3 potions of curing {unknown}
 d - a potion of resistance {unknown}

Dungeon Overview and Level Annotations

Branches:
Dungeon (1/15) Zot: 5586

Altars:

..## ♣♣♣..♣ ### ♣.♣.♣♣
.#### # ♣♣..♣ ....#
#########..########?...#
)......................#
#######................#
....>..................#
#######................#
# #...######@.......
#...#≈≈~≈#K.......
##.##≈~≈~#........
#..'~≈~≈+........
####≈~≈~######### ≈≈~≈#
#####


You could see a kobold.


Message History

You barely miss the hobgoblin. Your kick misses the hobgoblin.
Your headbutt misses the hobgoblin. The hobgoblin hits you.
* * * LOW HITPOINT WARNING * * *
😨 HP[-2]
You take 2 damage, and now have 9/21 hp.
Unknown command.
You hit the hobgoblin.
You claw the hobgoblin, but do no damage.
The hobgoblin closely misses you.
You closely miss the hobgoblin.
You tail-slap the hobgoblin, but do no damage.
The hobgoblin closely misses you. 😨 HP[+1] Unknown command.
You closely miss the hobgoblin.
You claw the hobgoblin, but do no damage.
The hobgoblin barely misses you.
You barely miss the hobgoblin. You claw the hobgoblin.
You kill the hobgoblin!
Unknown command.
You see here a hobgoblin corpse.
Unknown command.
Your horns disappear.
Your talons disappear.
A kobold comes into view. It is wielding a +0 dagger.
The kobold shouts! 😕 HP[+7]
You regained 7 hp, and now have 17/21 hp.
Unknown command.
A kobold is nearby!
Unknown command.
A kobold is nearby!
A kobold is nearby!
Casting: Beastly Appendage (safe; 10% risk of failure)
Confirm with . or Enter, or press ? or * to list all spells.
You miscast Beastly Appendage.
You are very lightly contaminated with residual magic.
Nothing appears to happen. 😕 HP[+1] MP[-1]
You lost 1 mp, and now have 4/5 mp.
Casting: Beastly Appendage (safe; 10% risk of failure)
Confirm with . or Enter, or press ? or * to list all spells.
You grow a pair of large bovine horns.
Your feet morph into talons.
The kobold hits you with a +0 dagger.
The kobold hits you with a +0 dagger. 😮 HP[-7] MP[-1]
You take 7 damage, and now have 11/21 hp.
MASSIVE DAMAGE!! (PAUSE)
You lost 1 mp, and now have 3/5 mp.
You hit the kobold but do no damage. Your kick misses the kobold.
You headbutt the kobold, but do no damage.
The kobold hits you with a +0 dagger.
* * * LOW HITPOINT WARNING * * *
😨 HP[-2]
You take 2 damage, and now have 9/21 hp.
You barely miss the kobold. You claw the kobold.
You kill the kobold!
Unknown command.
Your transformation is almost over.
You see here a +0 dagger. 😨 HP[+1]
Your magical contamination has completely faded away.
Unknown command.
Your horns disappear.
Your talons disappear.
Key pressed, stopping explore.
Unknown command. 😕 HP[+6] MP[+2]
You regained 6 hp, and now have 16/21 hp.
Your mp is fully restored (5).
Found an escape hatch in the floor. 😕 HP[+1] Unknown command.
f - 2 scrolls labelled DOSHRUYTROIMY (gained 1)
You see here a bat corpse.
Key pressed, stopping explore.
You see here a +0 mace.
c - 3 smoky black potions (gained 2)
Things that are here:
a hobgoblin skeleton; a ball python skeleton Key pressed, stopping explore.
f - 3 scrolls labelled DOSHRUYTROIMY (gained 1)
You open the door.
There is an open door here.
A kobold comes into view.
It is wielding a +2 short sword of electrocution. 😎 HP[+4]
Your hp is fully restored (21).
A kobold is nearby!
A kobold is nearby!
A kobold is nearby!
You hit the kobold but do no damage.
The kobold hits you with a +2 short sword of electrocution. 😕 HP[-3]
You take 3 damage, and now have 18/21 hp.
Casting: Beastly Appendage (safe; 10% risk of failure)
Confirm with . or Enter, or press ? or * to list all spells.
You grow a pair of large bovine horns.
Your feet morph into talons.
The kobold hits you with a +2 short sword of electrocution.
The kobold hits you with a +2 short sword of electrocution.
You are electrocuted!!
Ouch! That really hurt!
You die...

Skill      XL: |  1 |
---------------+----+-----
Transmutations | 2 |  2.2
Fighting       | |  1.0
Dodging        | |  1.7
Unarmed Combat | |  2.8
Spellcasting   | |  2.2

Action                   || total
-------------------------++-------
Melee: Unarmed           ||    44
       Headbutt          ||     5
       Kick              ||     6
       Tailslap          ||     1
 Cast: Beastly Appendage ||     6
Armor: Robe              ||     5
Dodge: Dodged            ||    26

Levels and vault maps discovered:
D:1:      roderic_dead_forest, layout_rooms, chequers_serial_rivers_room_b

Notes
Turn   | Place    | Note
-------+----------+-------------------------------------------
     0 | D:1      | kae the Demonspawn Transmuter began the quest for the Orb.
     0 | D:1      | Reached XP level 1. HP: 15/15 MP: 3/3
     0 | D:1      | magus.rc [v1.11.3]
    26 | D:1      | Reached skill level 2 in Transmutations
    64 | D:1      | You pick up a book of Blood and begin reading...
    64 | D:1      | You add the spells Sublimation of Blood and Summon Hydra to
                  | your library.
   159 | D:1      | Gained mutation: You have a small tail. [demonic ancestry]
   159 | D:1      | Reached XP level 2. HP: 17/21 MP: 3/5
   414 | D:1      | Mangled by a kobold

Vanquished Creatures
  A ball python (D:1)
  An endoplasm (D:1)
  A giant cockroach (D:1)
  3 hobgoblins (D:1)
  A quokka (D:1)
  A bat (D:1)
  A frilled lizard (D:1)
  A kobold (D:1)
  A rat (D:1)
11 creatures vanquished.

Table legend:
 A = Non-vault XP
 B = Vault XP
 C = Vault XP percentage of total XP
 D = Non-vault monster count
 E = Vault monster count
 F = Vault count percentage of total count
                 A         B        C        D         E       F
            +---------+---------+-------+---------+---------+-------
      Total |      18 |       0 |   0.0 |      11 |       0 |   0.0
            +---------+---------+-------+---------+---------+-------
        D:1 |      18 |       0 |   0.0 |      11 |       0 |   0.0
            +---------+---------+-------+---------+---------+-------

Illustrated notes

Table legend:
 A = Kills in this place as a percentage of kills in entire the game.
 B = Kills by you in this place as a percentage of kills by you in the entire game.
 C = Kills by friends in this place as a percentage of kills by friends in the entire game.
 D = Other kills in this place as a percentage of other kills in the entire game.
 E = Experience gained in this place as a percentage of experience gained in the entire game.
 F = Experience gained in this place divided by the number of levels of this place that you have seen.
                   A       B       C       D       E      F
               +-------+-------+-------+-------+-------+----------------------
         Total | 100.0 | 100.0 |   N/A |   N/A | 100.0 |  18.0
       Dungeon | 100.0 | 100.0 |   N/A |   N/A | 100.0 |  18.0
               +-------+-------+-------+-------+-------+----------------------

Table legend: (Time is in decaauts)
 A = Elapsed time spent in this place.
 B = Non-inter-level travel time spent in this place.
 C = Inter-level travel time spent in this place.
 D = Time resting spent in this place.
 E = Time spent auto-exploring this place.
 F = Levels seen in this place.
 G = Mean time per level.
                   A        B        C        D        E       F      G
               +--------+--------+--------+--------+--------+-----+--------+
         Total |    412 |    412 |      0 |      0 |    320 |   1 |  412.0 |
       Dungeon |    412 |    412 |      0 |      0 |    320 |   1 |  412.0 |
               +--------+--------+--------+--------+--------+-----+--------+

Top non-repeatable levels by time:
     D:1: 412 daAuts
